 Dungeon Crawl Stone Soup version 0.14.0-26-g1682e81 (webtiles) character file.

29545 Heini the Severer (level 13, -13/122 HPs)
             Began as a Hill Orc Fighter on Apr 26, 2014.
             Was the Champion of Okawaru.
             Mangled by a jumping spider simulacrum (21 damage)
             ... led by Josephine
             ... on Level 1 of the Spider Nest.
             The game lasted 01:24:47 (16727 turns).

Heini the Severer (Hill Orc Fighter)               Turns: 16727, Time: 01:24:48

HP -13/122       AC 37     Str 24      XL: 13   Next: 39%
MP   0/13        EV  3     Int  8      God: Okawaru [******]
Gold 997         SH 20     Dex 10      Spells:  0 memorised, 12 levels left

rFire  . . .     SeeInvis .     p - +2 war axe
rCold  . . .     Clarity  .     J - +4 crystal plate armour
rNeg   . . .     Conserve .     z - +1 shield {AC+3}
rPois  +         rCorr    .     k - +2 helmet of Zeppam {MR+}
rElec  .         rRot     .     (no cloak)
SustAb . .       Spirit   +     i - +1 pair of gloves
rMut   .         Warding  .     t - +0 pair of boots
Saprov + . .     Stasis   .     w - amulet of guardian spirit
MR     ++...                    D - ring of poison resistance
                                y - ring of protection from magic

@: about to teleport, very resistant to hostile enchantments, extremely
unstealthy
A: saprovore 1
a: Heroism, Finesse, Renounce Religion


You were on level 1 of the Spider Nest.
You worshipped Okawaru.
Okawaru was exalted by your worship.
You were not hungry.

You visited 5 branches of the dungeon, and saw 19 of its levels.

You collected 997 gold pieces.

Inventory:

Hand weapons
 j - a +7,+0 battleaxe of draining
 p - a +2,+2 war axe (weapon)
 L - a +4,+2 broad axe
 Q - a +2,+1 morningstar
 W - a +1,+2 hand axe of electrocution (quivered)
Armour
 i - a +1 pair of gloves (worn)
 k - the +2 helmet of Zeppam (worn) {MR+}
   (You acquired it on level 10 of the Dungeon)

   It affects your resistance to hostile enchantments.
 t - a +0 pair of boots (worn)
 z - a +1 shield of protection (worn)
 J - a +4 crystal plate armour (worn)
Magical devices
 b - a wand of cold (6)
 A - a wand of paralysis (16) {unknown}
 T - a wand of lightning (2)
 X - a wand of draining (5)
Comestibles
 a - 2 chunks of orb spider flesh
 c - a cheese
 d - 4 meat rations
 f - 13 bread rations
 g - a lychee
 r - 3 chokos
 v - 3 oranges
 B - 2 apples
 G - a sausage
Scrolls
 e - a scroll of magic mapping
 h - 8 scrolls of remove curse
 n - 3 scrolls of enchant weapon II
 s - 4 scrolls of identify
 C - 3 scrolls of teleportation
 E - 4 scrolls of fear
 H - a scroll of enchant weapon I
 N - 4 scrolls of fog
 P - 8 scrolls of blinking
 R - a scroll of recharging
Jewellery
 w - an amulet of guardian spirit (around neck)
 y - a ring of protection from magic (left hand)
 D - a ring of poison resistance (right hand)
Potions
 l - 3 potions of agility
 m - 6 potions of curing
 u - a potion of haste
 x - a potion of restore abilities
 F - a potion of flight
 K - 2 potions of cure mutation
Miscellaneous
 o - a plain deck of changes {Wild Magic}
 q - a plain deck of defence {the Banshee}
 Z - a plain deck of dungeons {Dowsing}


   Skills:
 * Level 13.3 Fighting
 * Level 18.5 Axes
 * Level 13.3 Armour
 - Level 3.2 Shields
 + Level 0.2 Evocations


You had 12 spell levels left.
You didn't know any spells.

Dungeon Overview and Level Annotations

Branches:
Dungeon (10/15)            Temple (1/1) D:6            Lair (5/8) D:10
  Swamp (2/5) Lair:3       Spider (1/5) Lair:5
    Orc: D:9-12

Altars:
Ashenzari
Cheibriados
Dithmenos
Elyvilon
Fedhas
Kikubaaqudgha
Makhleb
Nemelex Xobeh
Okawaru
Sif Muna
Trog
Vehumet
Xom
Yredelemnul
Zin
The Shining One

Shops:
D:7 %

Annotations:
Spider:1 Josephine


Innate Abilities, Weirdness & Mutations

You can tolerate rotten meat.


Message History

You hit the jumping spider simulacrum.
The demonic crawler hits you but does no damage.
You block the demonic crawler's attack.
The demonic crawler hits you but does no damage.
You block the jumping spider simulacrum's attack.
The jumping spider simulacrum bites you.
* * * LOW HITPOINT WARNING * * *
The jumping spider simulacrum freezes you!
* * * LOW HITPOINT WARNING * * *
Read which item? (? for menu, Esc to quit)
As you read the scroll of teleportation, it crumbles to dust.
You feel strangely unstable.
The demonic crawler hits you but does no damage.
The demonic crawler hits you.
* * * LOW HITPOINT WARNING * * *
The demonic crawler hits you but does no damage.
The jumping spider simulacrum pounces on you!
* * * LOW HITPOINT WARNING * * *
The jumping spider simulacrum freezes you!
You die...

###...##.#..#...#..
#.#....#..##...#.
##.....#.......#.
#...#.#...#..##.
##............#.
#...#..#...#....
####.....#..#.#.#.
#.zs....#...#...#.
#@#..#..#....#..#.
#..##s#......#.#.#^#..
#...z@..#....#...#....
##.....#.#...#.#...#..
###...#...#.....##...
.^##..s#..(.#..# ..
.#. ###..##.. .. # ..
@z ..# .. #..


sz. # You could see Josephine, a demonic crawler, a redback, a jumping spider
simulacrum and an orb spider zombie.

Vanquished Creatures
  Maud (Spider:1)
  Snorg (Lair:4)
  An alligator (Swamp:1)
  Erica (Lair:3)
  2 orb spiders (Spider:1)
  2 hill giants (D:10)
  A wolf spider zombie (Spider:1)
  A griffon (Lair:5)
  A red wasp (Swamp:1)
  2 elephants
  2 wolf spiders (Spider:1)
  2 black mambas
  4 spiny frogs
  A gargoyle (D:10)
  A demonic crawler (Spider:1)
  A redback zombie (Spider:1)
  3 komodo dragons
  A jumping spider (Spider:1)
  A troll (D:9)
  A two-headed ogre (D:10)
  A giant firefly (Swamp:1)
  A giant leech (Swamp:2)
  5 blink frogs (Lair:4)
  A bog body (Swamp:1)
  5 ravens (Swamp:1)
  3 redbacks (Spider:1)
  2 spriggans
  2 wyverns
  3 sharks (Lair:5)
  Eustachio (D:10)
  7 yaks
  An elephant slug (D:10)
  3 hippogriffs
  3 vampire mosquitoes (Swamp:1)
  Menkaure (D:6)
  6 swamp worms
  2 porcupines (Lair:1)
  12 wolves
  3 swamp drakes (Swamp:1)
  4 sky beasts
  5 water moccasins
  2 ice beasts
  6 ogres
  2 yellow wasps
  A manticore zombie (D:8)
  A trapdoor spider simulacrum (Spider:1)
  2 black bears
  7 centaurs
  A giant goldfish (Lair:5)
  4 phantoms
  9 crocodiles
  7 giant slugs
  10 giant frogs
  An orb spider simulacrum (Spider:1)
  2 scorpions
  An electric eel (Lair:5)
  4 wights (D:8)
  5 killer bees (D:8)
  2 vampire bats (Lair:1)
  A giant frog zombie (D:8)
  2 goliath beetles (D:8)
  4 crimson imps
  5 orc priests
  A quasit (D:6)
  4 hounds
  A big fish (Lair:5)
  2 centaur skeletons
  15 iguanas
  2 giant frog skeletons
  11 worker ants
  11 orc wizards
  2 sheep
  A crocodile skeleton (D:10)
  A mummy (D:10)
  Terence (D:2)
  A worker ant zombie (D:5)
  8 adders
  32 green rats
  7 gnolls
  3 giant mites
  4 shadow imps
  An inept feature mimic (D:8)
  8 worms
  3 ufetubi (D:10)
  3 giant eyeballs
  34 orcs
  30 bats
  A bat zombie (D:7)
  6 giant cockroaches
  18 goblins
  16 hobgoblins
  12 jackals
  11 quokkas
  2 ball pythons
  4 giant geckos
  4 giant newts
  A giant spore (D:9)
  A goblin skeleton (D:5)
  A hobgoblin skeleton (D:6)
  14 kobolds
  A kobold skeleton (D:5)
  2 orc zombies (D:6)
  17 rats
  A rat zombie (D:6)
  A ballistomycete (D:9)
  4 fungi
  A plant (Lair:1)
484 creatures vanquished.

Vanquished Creatures (collateral kills)
  A wolf (Lair:4)
1 creature vanquished.

Grand Total: 485 creatures vanquished

Notes
Turn   | Place    | Note
--------------------------------------------------------------
     0 | D:1      | Heini, the Hill Orc Fighter, began the quest for the Orb.
     0 | D:1      | Reached XP level 1. HP: 19/19 MP: 1/1
   232 | D:1      | Reached XP level 2. HP: 24/27 MP: 2/2
   418 | D:1      | Reached skill level 4 in Fighting
   659 | D:2      | Reached XP level 3. HP: 33/33 MP: 3/3
   750 | D:2      | Noticed Terence
   764 | D:2      | Killed Terence
  1240 | D:2      | Reached XP level 4. HP: 39/41 MP: 4/4
  1937 | D:3      | Reached XP level 5. HP: 25/47 MP: 5/5
  2439 | D:3      | Found a blossoming altar of Fedhas.
  2658 | D:4      | Reached skill level 5 in Fighting
  2658 | D:4      | Reached skill level 5 in Armour
  2697 | D:4      | Reached skill level 5 in Axes
  2697 | D:4      | Reached XP level 6. HP: 44/56 MP: 6/6
  2878 | D:4      | Noticed a phantom
  2896 | D:4      | Killed a phantom
  3866 | D:5      | Entered Level 5 of the Dungeon
  3884 | D:5      | Reached skill level 6 in Axes
  3884 | D:5      | Reached XP level 7. HP: 52/61 MP: 7/7
  4119 | D:5      | Paralysed by a giant eyeball for 3 turns
  4133 | D:5      | Paralysed by a giant eyeball for 3 turns
  4140 | D:5      | Paralysed by a giant eyeball for 2 turns
  4149 | D:5      | Paralysed by a giant eyeball for 2 turns
  4779 | D:5      | Found a burning altar of Makhleb.
  4780 | D:5      | Found a radiant altar of Vehumet.
  4841 | D:5      | Reached skill level 7 in Axes
  4841 | D:5      | Reached XP level 8. HP: 33/71 MP: 3/8
  5125 | D:6      | Noticed Menkaure
  5133 | D:6      | Killed Menkaure
  5312 | D:6      | Reached skill level 8 in Axes
  5460 | D:6      | Found an iron altar of Okawaru.
  5465 | D:6      | Became a worshipper of Warmaster Okawaru
  5881 | D:6      | Found a staircase to the Ecumenical Temple.
  5912 | D:6      | Reached skill level 9 in Axes
  5914 | Temple   | Entered the Ecumenical Temple
  6169 | D:6      | Reached XP level 9. HP: 41/79 MP: 7/9
  6430 | D:7      | Found Sheps' Food Shoppe.
  6491 | D:7      | Paralysed by a yellow wasp for 2 turns
  6700 | D:7      | Reached skill level 10 in Axes
  6711 | D:7      | Identified a scroll of acquirement
  7298 | D:8      | Acquired Okawaru's first power
  7865 | D:8      | Reached skill level 11 in Axes
  8043 | D:8      | Reached XP level 10. HP: 58/90 MP: 10/10
  8374 | D:8      | Reached skill level 12 in Axes
  8939 | D:9      | Reached skill level 10 in Armour
  9043 | D:10     | Entered Level 10 of the Dungeon
  9043 | D:10     | Noticed a hill giant
  9059 | D:10     | Killed a hill giant
  9125 | D:10     | Noticed Eustachio
  9153 | D:10     | Killed Eustachio
  9153 | D:10     | Reached skill level 13 in Axes
  9350 | D:10     | Reached skill level 10 in Fighting
  9393 | D:10     | Found an iron altar of Okawaru.
  9438 | D:10     | Got a dazzling helmet
  9442 | D:10     | Identified the +2 helmet of Zeppam {MR+} (You acquired it on level 10 of the Dungeon)
  9503 | D:10     | Noticed a hill giant
  9514 | D:10     | Killed a hill giant
  9514 | D:10     | Reached XP level 11. HP: 88/101 MP: 9/11
  9529 | D:10     | Found a staircase to the Lair.
  9529 | D:10     | Noticed an elephant
  9546 | D:10     | Reached skill level 14 in Axes
  9567 | D:10     | Killed an elephant
  9567 | D:10     | Acquired Okawaru's second power
 10286 | Lair:1   | Entered Level 1 of the Lair of Beasts
 11654 | Lair:1   | Received a gift from Okawaru
 12045 | Lair:2   | Reached skill level 15 in Axes
 12564 | Lair:3   | Found a staircase to the Swamp.
 12583 | Swamp:1  | Entered Level 1 of the Swamp
 12849 | Swamp:1  | Noticed an alligator
 12874 | Swamp:1  | Killed an alligator
 13027 | Swamp:1  | Reached XP level 12. HP: 95/112 MP: 10/12
 13130 | Swamp:1  | Reached skill level 16 in Axes
 13522 | Swamp:1  | Noticed a spriggan rider
 13542 | Swamp:1  | Killed a giant firefly
 13543 | Swamp:1  | Killed a spriggan
 14268 | Lair:3   | Noticed Erica
 14284 | Lair:3   | Killed Erica
 14598 | Lair:4   | Noticed Snorg
 14610 | Lair:4   | Killed Snorg
 14652 | Lair:4   | Received a gift from Okawaru
 14751 | Lair:4   | Reached skill level 17 in Axes
 15604 | Lair:5   | Reached XP level 13. HP: 119/119 MP: 13/13
 15621 | Lair:5   | Found a hole to the Spider Nest.
 16181 | Spider:1 | Entered Level 1 of the Spider Nest
 16184 | Spider:1 | Noticed Maud
 16200 | Spider:1 | Killed Maud
 16200 | Spider:1 | Reached skill level 18 in Axes
 16679 | Spider:1 | Noticed Josephine
 16704 | Spider:1 | Received a gift from Okawaru
 16727 | Spider:1 | Mangled by a jumping spider simulacrum

Action                   |  1- 3 |  4- 6 |  7- 9 | 10-12 | 13-15 || total
-------------------------+-------+-------+-------+-------+-------++-------
Melee: War axe           |    98 |   228 |   539 |  1014 |   176 ||  2055
       Hand axe          |       |       |       |    14 |       ||    14
Evoke: Wand              |       |     1 |     1 |     3 |       ||     5
  Use: Scroll            |     2 |     7 |    21 |    12 |     1 ||    43
       Potion            |       |     1 |     1 |     2 |     1 ||     5
